 Dungeon Crawl Stone Soup version 0.31-a0-221-gbddc013574 (webtiles) character file.

Game seed: 9569903657669056339

144 timneilson the Covered (level 5, 0/33 HPs)
             Began as a Gargoyle Fighter on July 4, 2023.
             Killed by nerve-wracking pain
             ... invoked by an orc priest
              (7 damage)
             ... on level 6 of the Dungeon.
             The game lasted 00:03:14 (1897 turns).

timneilson the Covered (Gargoyle Fighter)           Turns: 1897, Time: 00:03:14

Health: 0/33       AC: 12    Str: 19    XL:     5   Next: 26%
Magic:  5/5        EV:  9    Int:  9    God:
Gold:   63         SH:  4    Dex: 11    Spells: 4/4 levels left

rFire   . . .        a - +0 long sword
rCold   . . .        c - +0 buckler
rNeg    + . .        b - +0 scale mail
rPois   ∞            (no helmet)
rElec   +            i - +0 cloak
rCorr   .            (no gloves)
SInv    .            (no boots)
Will    .....        (no amulet) Stlth
                     (no ring)
HPRegen 0.25/turn    (no ring)
MPRegen 0.09/turn

%: no passive effects
@: mighty
A: sickness immunity, AC +4, negative energy resistance 1, electricity
resistance, torment resistance 1, petrification resistance
a: no special abilities


You were on level 6 of the Dungeon.
You visited 1 branch of the dungeon, and saw 4 of its levels.

You collected 63 gold pieces.

Inventory:

Hand Weapons
 a - a +0 long sword (weapon)
Armour
 b - a +0 scale mail (worn)
 c - a +0 buckler (worn)
 i - a +0 cloak (worn)
Scrolls
 j - 2 scrolls of immolation {unknown}
Potions
 d - a potion of might
 e - a potion of attraction {unknown}
 f - 2 potions of curing {unknown}
 g - a potion of resistance {unknown}
 h - 2 potions of mutation
 k - a potion of cancellation {unknown}
 l - a potion of brilliance {unknown}


   Skills:
 + Level 3.8 Fighting
 * Level 2.8 Long Blades
 * Level 4.3 Armour
 + Level 1.0 Dodging
 * Level 4.2 Shields


You had 4 spell levels left.
You didn't know any spells.
Your spell library was empty.

Dungeon Overview and Level Annotations

Branches:
Dungeon (3/15)

Altars:
Qazlal
Trog

Shops:
D:1 *


Innate Abilities, Weirdness & Mutations

You are immune to sickness and miasma.
Your stone body is resilient. (AC +4)
You are immune to poison.
You resist negative energy. (rN+)
You are resistant to electric shocks. (rElec)
You are resistant to unholy torment.
You are immune to petrification.


Message History

The orc priest looks satisfied for a moment.
You feel very mighty all of a sudden.
The orc throws a boomerang.
The boomerang hits you but does no damage.
An orc wizard comes into view. It is wielding a +0 dagger.
The orc priest calls down the wrath of Beogh upon you.
Beogh smites you!
You hit the sleepcap.
The sleepcap is moderately damaged.
The sleepcap releases spores at you but does no damage.
An orc priest comes into view. It is wielding a +0 dagger.
An orc comes into view. It is wielding a +0 whip.
The orc wizard gestures wildly while chanting.
The orc wizard flickers and vanishes!
Deactivating autopickup; reactivate with Ctrl-A.
The orc shouts!
You slash the sleepcap!
The sleepcap is severely damaged.
The sleepcap releases spores at you but does no damage.
The orc priest mumbles some strange prayers to Beogh against you.
Beogh smites you!
* * * LOW HITPOINT WARNING * * *
You hit the sleepcap.
The sleepcap is almost destroyed.
The orc hits you but does no damage. You block the sleepcap's attack.
The sleepcap releases spores at you.
* * * LOW HITPOINT WARNING * * *
Unknown command.
You slash the sleepcap!
You destroy the sleepcap!
The orc hits you but does no damage. The orc priest closely misses you.
Your Dodging skill increases to level 1!
Unknown command.
You closely miss the orc priest. The orc barely misses you.
The orc priest hits you but does no damage.
Something hits you but does no damage.
You barely miss the orc priest. The orc misses you.
The orc priest calls down the wrath of Beogh upon you.
Pain shoots through your body!
You die...

. ###........§≈. ##+ #.
###......._.....
##..##.###...#.^^^≈(≈...^
#..............^##^.≈##^§
+..............≈##§.^# §≈
......(......^##§§≈#^.≈
#...##...###^≈^≈.^≈(^#
####...##...####.#..#####
......o.@...#......##
.....o.oo...#.....##
............#.....#
............#.....#
#.#######...##..##### #
#######'###.## +.......#
#.......# #.......#


You could see 2 orc priests and 2 orcs.

Vanquished Creatures
  A gnoll bouda (D:6)
  A sleepcap (D:6)
  3 gnolls (D:6)
  2 adders
  A worm (D:2)
  3 ball pythons
  9 bats
  3 endoplasms (D:1)
  2 giant cockroaches (D:1)
  3 goblins
  9 hobgoblins
  A quokka (D:1)
  3 frilled lizards (D:1)
  2 kobolds (D:1)
43 creatures vanquished.

Notes
Turn   | Place    | Note
-------+----------+-------------------------------------------
     0 | D:1      | timneilson the Gargoyle Fighter began the quest for the
                  | Orb.
     0 | D:1      | Reached XP level 1. HP: 14/14 MP: 1/1
   157 | D:1      | Reached XP level 2. HP: 19/19 MP: 2/2
   194 | D:1      | Found Boickiwi's Assorted Antiques.
   653 | D:1      | Reached XP level 3. HP: 23/23 MP: 3/3
  1785 | D:3      | You fall into a shaft and drop 3 floors!
  1816 | D:6      | Reached XP level 4. HP: 26/28 MP: 4/4
  1829 | D:6      | Found a bloodstained altar of Trog.
  1851 | D:6      | Found a stormy altar of Qazlal.
  1879 | D:6      | Reached XP level 5. HP: 32/33 MP: 5/5
  1896 | D:6      | Reached skill level 1 in Dodging
  1897 | D:6      | Killed from afar by an orc priest

Illustrated notes

Levels and vault maps discovered:
D:1:      dpeg_arrival_arbitrary_c, layout_basic, serial_shops,
          nicolae_diamond_shop, hangedman_decor_push,
          hangedman_decor_clover_reticule, minmay_misc_feat_nine_boxes
D:2:      layout_loops_corners
D:3:      minmay_recursive_quarters, layout_loops_corners,
          mainiacjoe_overflow_chevrons
D:6:      layout_gridville, kennysheep_mini_moat, grunt_qazlal_sundering

Skill      XL: |  1  2  3  4  5 |
---------------+----------------+-----
Long Blades    | 2 |  2.8
Armour         | 4 |  4.3
Shields        | 4 |  4.2
Dodging        | 1 |  1.0
Fighting       | |  3.8

Action                     |  1- 3 |  4- 6 || total
---------------------------+-------+-------++-------
  Melee: Long sword        |   151 |    24 ||   175
    Use: Scroll            |     3 |       ||     3
         Potion            |     1 |     1 ||     2
 Armour: Scale mail        |    94 |    15 ||   109
  Dodge: Dodged            |    73 |    12 ||    85
  Block: Buckler           |    37 |     5 ||    42

Table legend: (Time is in decaauts)
 A = Elapsed time spent in this place.
 B = Non-inter-level travel time spent in this place.
 C = Inter-level travel time spent in this place.
 D = Time resting spent in this place.
 E = Time spent auto-exploring this place.
 F = Levels seen in this place.
 G = Mean time per level.
                   A        B        C        D        E       F      G
               +--------+--------+--------+--------+--------+-----+--------+
         Total |   1954 |   1940 |     14 |      0 |   1464 |   4 |  488.5 |
       Dungeon |   1954 |   1940 |     14 |      0 |   1464 |   4 |  488.5 |
               +--------+--------+--------+--------+--------+-----+--------+

Top non-repeatable levels by time:
     D:2: 907 daAuts
     D:1: 856 daAuts
     D:6: 123 daAuts
     D:3: 68 daAuts
